Blackhawks vs Canucks

Created - 15 septembre 2014 at 19:04

Simulating a Pre-Season

Goals
1 2 3 OT1 T
Blackhawks 0 1 0 0 1
Canucks 1 0 0 1 2
Shots
1 2 3 OT1 T
Blackhawks 11 9 2 0 22
Canucks 11 8 14 1 34

1st period

1. Canucks , Matt Stajan 2 (Jaromir Jagr) at 11:44

Penalties :
No Penalty

2nd period

2. Blackhawks , Robert Nilsson 4 (Kris Versteeg, Steve Bernier) at 12:31

Penalties :
Steve Bernier (Chi) for Hooking (Minor) at 0:13, Jaromir Jagr (Van) for High sticking (Minor) at 4:13, Steve McCarthy (Chi) for Charging (Minor) at 13:05, Daniel Carcillo (Chi) for Hooking (Minor) at 17:12

3rd period

No Goal

Penalties :
No Penalty

Overtime #1

3. Canucks , Matt Stajan 3 (Jaromir Jagr) at 0:12

Penalties :
No Penalty

Goalie Stats

Jocelyn Thibault (Chi), 32 saves from 34 shots - (0,941), OTL, 1-0-1, 60:12 minutes
Carey Price (Van), 21 saves from 22 shots - (0,955), W, 1-3-1, 60:12 minutes

Players Stats for Blackhawks

Player Name              G  A  P  +/- PIM S  H  SB GA TA FO     MP     PP MP  PK MP  
------------------------------------------------------------------------------------
Brent Burns              0  0  0  -1  0   0  3  0  2  1  0/0    25:36   1:25   2:31 
Chris Campoli            0  0  0   0  0   1  2  1  0  1  0/0    18:18   0:34   0:00 
Daniel Carcillo          0  0  0   1  2   2  2  0  0  0  1/1    15:46   0:00   1:32 
Dominic Moore            0  0  0   1  0   4  0  1  1  0  6/12   16:47   0:00   3:20 
George Parros            0  0  0   0  0   1  0  0  2  0  0/0     7:36   0:00   0:00 
Jamie Langenbrunner      0  0  0   0  0   0  2  1  0  0  0/0    16:59   0:48   3:16 
John Carlson             0  0  0   0  0   0  4  1  0  0  0/0    15:11   0:34   0:59 
Johnny Oduya             0  0  0  -2  0   2  3  1  0  2  0/0    24:36   1:25   2:31 
Kris Versteeg            0  1  1  -1  0   2  1  0  1  0  0/0    20:36   1:11   1:45 
Linus Omark              0  0  0   0  0   0  1  0  0  0  0/0     7:26   0:00   0:00 
Loui Eriksson            0  0  0   0  0   3  2  1  0  1  0/0    14:44   1:11   0:19 
Oleg Kvasha              0  0  0   0  0   1  2  0  0  1  1/2    10:18   0:00   1:42 
Rene Bourque             0  0  0   0  0   1  1  0  0  0  0/0    14:33   0:48   0:00 
Robert Nilsson           1  0  1  -1  0   3  1  0  2  0  14/25  18:20   1:11   0:00 
Scott Gomez              0  0  0   0  0   0  0  0  0  0  1/8    14:02   0:48   0:00 
Steve Bernier            0  1  1   0  2   1  3  0  0  2  2/3    17:02   0:00   0:00 
Steve McCarthy           0  0  0  -1  2   1  1  2  0  0  0/0    20:53   0:00   2:27 
Wes O'Neill              0  0  0   0  0   0  0  0  0  0  0/0    16:05   0:00   3:26 

Players Stats for Canucks

Player Name              G  A  P  +/- PIM S  H  SB GA TA FO     MP     PP MP  PK MP  
------------------------------------------------------------------------------------
Alex Tanguay             0  0  0   0  0   1  1  0  0  0  0/0     9:23   0:02   0:43 
Andy Rogers              0  0  0   0  0   2  1  0  0  0  0/0    20:42   0:00   0:41 
Chris Phillips           0  0  0   0  0   3  1  2  0  2  0/0    23:23   3:58   0:00 
Clarke MacArthur         0  0  0   1  0   3  3  1  0  0  0/1    20:44   3:22   0:07 
David Jones              0  0  0   0  0   2  1  1  0  1  1/2    12:07   0:02   0:00 
Fabian Brunnstrom        0  0  0  -1  0   6  0  0  1  0  0/0    17:33   2:33   0:00 
Jaromir Jagr             0  2  2   2  2   1  3  2  0  0  2/2    20:48   3:22   0:00 
Jiri Hudler              0  0  0   0  0   1  0  0  1  0  0/5     9:38   0:00   1:10 
Joe Sakic                0  0  0  -1  0   2  3  2  0  1  6/7    18:09   2:33   0:42 
Kim Johnsson             0  0  0   2  0   1  2  2  2  1  0/0    26:02   3:58   0:41 
Matt Stajan              2  0  2   2  0   2  2  3  1  0  14/29  21:58   3:22   1:09 
Maxim Lapierre           0  0  0   0  0   3  1  0  1  0  2/4    11:24   0:00   0:07 
Nikolai Zherdev          0  0  0  -1  0   4  1  0  1  1  1/1    17:27   2:33   0:00 
Nils Ekman               0  0  0   0  0   0  0  0  0  2  0/0     7:44   0:00   0:00 
Peter Worrell            0  0  0   0  0   0  4  0  0  0  0/0    11:29   0:02   0:00 
Sami Lepisto             0  0  0  -1  0   0  0  0  0  0  0/0    13:10   1:59   0:00 
Steve Montador           0  0  0   2  0   1  2  0  1  0  0/0    23:55   1:59   1:18 
Taylor Chorney           0  0  0  -1  0   2  1  1  0  0  0/0    13:12   0:00   1:18 

3 Stars

1 - Matt Stajan (Van)
2 - Carey Price (Van)
3 - Jaromir Jagr (Van)

Power Play

Blackhawks - 0 on 1 Attempt(s) - 0,00%
Canucks - 0 on 3 Attempt(s) - 0,00%

Penalty Kill

Blackhawks - 3 on 3 Attempt(s) - 100,00% - Score 0 goal in Penalty Kill
Canucks - 1 on 1 Attempt(s) - 100,00% - Score 0 goal in Penalty Kill

Official

Referees : Walkom Stephen and Lee Chris
Linesman : Thor Nelson and Scott Driscoll

Game Notes

No Game Note

Blackhawks

5 vs 5 Forward 
   Center                   Left Wing                Right Wing               Time % Phy DF OF 
 1 Robert Nilsson           Kris Versteeg            Steve Bernier            40     1   2  2  
 2 Scott Gomez              Loui Eriksson            Jamie Langenbrunner      25     1   2  2  
 3 Dominic Moore            Daniel Carcillo          Rene Bourque             25     1   2  2  
 4 Oleg Kvasha              Linus Omark              George Parros            10     1   2  2  

5 vs 5 Defense 
   Defense                  Defense                                           Time % Phy DF OF 
 1 Brent Burns              Johnny Oduya                                      40     1   2  2  
 2 Chris Campoli            Steve McCarthy                                    30     1   2  2  
 3 Wes O'Neill              John Carlson                                      20     1   2  2  
 4 Brent Burns              Johnny Oduya                                      10     1   2  2  

PowerPlay Forward 
   Center                   Left Wing                Right Wing               Time % Phy DF OF 
 1 Robert Nilsson           Kris Versteeg            Loui Eriksson            60     1   1  3  
 2 Scott Gomez              Jamie Langenbrunner      Rene Bourque             40     1   1  3  

PowerPlay Defense
   Defense                  Defense                                           Time % Phy DF OF 
 1 Brent Burns              Johnny Oduya                                      60     1   1  3  
 2 John Carlson             Chris Campoli                                     40     1   1  3  

Penalty Kill 4 Players Forward 
   Center                   Wing                     Time % Phy DF OF 
 1 Dominic Moore            Jamie Langenbrunner      60     1   4  0  
 2 Oleg Kvasha              Daniel Carcillo          40     1   4  0  

Penalty Kill 4 Players Defense
   Defense                  Defense                  Time % Phy DF OF 
 1 Steve McCarthy           Wes O'Neill              60     2   3  0  
 2 Brent Burns              Johnny Oduya             40     2   3  0  

Penalty Kill - 3 Players Forward 
   Forward                                           Time % Phy DF OF 
 1 Dominic Moore                                     60     1   4  0  
 2 Robert Nilsson                                    40     1   4  0  

Penalty Kill - 3 Players Defense
   Defense                  Defense                  Time % Phy DF OF 
 1 Steve McCarthy           Wes O'Neill              60     2   3  0  
 2 Brent Burns              Johnny Oduya             40     2   3  0  

4 vs 4 Forward 
   Center                   Wing                     Time % Phy DF OF 
 1 Robert Nilsson           Kris Versteeg            60     1   2  2  
 2 Scott Gomez              Jamie Langenbrunner      40     1   2  2  

4 vs 4 Defense
   Defense                  Defense                  Time % Phy DF OF 
 1 Steve McCarthy           Johnny Oduya             60     1   2  2  
 2 Brent Burns              Wes O'Neill              40     1   2  2  

Last Minutes Offensive
   Center                   Left Wing                Right Wing               Defense                  Defense                  
   Robert Nilsson           Kris Versteeg            Rene Bourque             Brent Burns              Johnny Oduya             

Last Minutes Defensive
   Center                   Left Wing                Right Wing               Defense                  Defense                  
   Robert Nilsson           Kris Versteeg            Jamie Langenbrunner      Steve McCarthy           Wes O'Neill              

Goaltenders
Starting : Jocelyn Thibault         
Backup : Roberto Luongo           

Extra Forwards
Normal : Rene Bourque, Dominic Moore, Oleg Kvasha - PP : Rene Bourque, Dominic Moore - PK : Kris Versteeg
Extra Defensemen
Normal : Chris Campoli, John Carlson, Brent Burns - PP : Chris Campoli - PK : John Carlson, Brent Burns
Penalty Shots
Robert Nilsson, Kris Versteeg, Loui Eriksson, Scott Gomez, Rene Bourque

Canucks

5 vs 5 Forward 
   Center                   Left Wing                Right Wing               Time % Phy DF OF 
 1 Matt Stajan              Clarke MacArthur         Jaromir Jagr             51     0   2  3  
 2 Joe Sakic                Fabian Brunnstrom        Nikolai Zherdev          30     0   2  3  
 3 Maxim Lapierre           Peter Worrell            David Jones              15     0   3  2  
 4 Jiri Hudler              Alex Tanguay             Nils Ekman               4      0   3  2  

5 vs 5 Defense 
   Defense                  Defense                                           Time % Phy DF OF 
 1 Steve Montador           Kim Johnsson                                      46     0   3  2  
 2 Chris Phillips           Andy Rogers                                       38     0   3  2  
 3 Sami Lepisto             Taylor Chorney                                    8      0   4  1  
 4 Steve Montador           Kim Johnsson                                      8      0   3  2  

PowerPlay Forward 
   Center                   Left Wing                Right Wing               Time % Phy DF OF 
 1 Matt Stajan              Clarke MacArthur         Jaromir Jagr             60     1   0  4  
 2 Joe Sakic                Fabian Brunnstrom        Nikolai Zherdev          40     1   1  3  

PowerPlay Defense
   Defense                  Defense                                           Time % Phy DF OF 
 1 Chris Phillips           Kim Johnsson                                      60     1   1  3  
 2 Steve Montador           Sami Lepisto                                      40     1   2  2  

Penalty Kill 4 Players Forward 
   Center                   Wing                     Time % Phy DF OF 
 1 Jaromir Jagr             Matt Stajan              60     1   3  1  
 2 Peter Worrell            Clarke MacArthur         40     1   3  1  

Penalty Kill 4 Players Defense
   Defense                  Defense                  Time % Phy DF OF 
 1 Steve Montador           Taylor Chorney           60     1   3  1  
 2 Kim Johnsson             Andy Rogers              40     1   3  1  

Penalty Kill - 3 Players Forward 
   Forward                                           Time % Phy DF OF 
 1 Jaromir Jagr                                      60     1   3  1  
 2 Matt Stajan                                       40     1   3  1  

Penalty Kill - 3 Players Defense
   Defense                  Defense                  Time % Phy DF OF 
 1 Steve Montador           Taylor Chorney           60     1   3  1  
 2 Andy Rogers              Kim Johnsson             40     1   3  1  

4 vs 4 Forward 
   Center                   Wing                     Time % Phy DF OF 
 1 Jaromir Jagr             Matt Stajan              60     1   2  2  
 2 Peter Worrell            Clarke MacArthur         40     1   2  2  

4 vs 4 Defense
   Defense                  Defense                  Time % Phy DF OF 
 1 Steve Montador           Kim Johnsson             60     1   2  2  
 2 Chris Phillips           Andy Rogers              40     1   2  2  

Last Minutes Offensive
   Center                   Left Wing                Right Wing               Defense                  Defense                  
   Matt Stajan              Peter Worrell            Jaromir Jagr             Steve Montador           Kim Johnsson             

Last Minutes Defensive
   Center                   Left Wing                Right Wing               Defense                  Defense                  
   Matt Stajan              Peter Worrell            Jaromir Jagr             Steve Montador           Kim Johnsson             

Goaltenders
Starting : Carey Price              
Backup : José Theodore            

Extra Forwards
Normal : Fabian Brunnstrom, Alex Tanguay, Jiri Hudler - PP : Fabian Brunnstrom, Alex Tanguay - PK : Jiri Hudler
Extra Defensemen
Normal : Andy Rogers, Taylor Chorney, Chris Phillips - PP : Andy Rogers - PK : Taylor Chorney, Chris Phillips
Penalty Shots
Jaromir Jagr, Matt Stajan, Peter Worrell, Clarke MacArthur, Joe Sakic

% Time on Ice - Blackhawks

Lines # - Real PCT - Wanted PCT - Time Play
Normal Forward
1 - 34% - 40% - 17:40
2 - 26% - 25% - 13:41
3 - 26% - 25% - 13:17
4 - 14% - 10% - 7:26
Normal Defense
1 - 34% - 40% - 17:52
2 - 38% - 30% - 19:50
3 - 24% - 20% - 12:15
4 - 4% - 10% - 2:07
PP Forward
1 - 60% - 60% - 1:11
2 - 40% - 40% - 0:48
PP Defense
1 - 71% - 60% - 1:25
2 - 29% - 40% - 0:34
PK Forward
1 - 73% - 60% - 4:21
2 - 27% - 40% - 1:36
PK Defense
1 - 58% - 60% - 3:26
2 - 42% - 40% - 2:31
PK3 Forward
1 - 0% - 60%
2 - 0% - 40%
PK3 Defense
1 - 0% - 60%
2 - 0% - 40%
44 Forward
1 - 100% - 60% - 0:12
2 - 0% - 40% - 0:00
44 Defense
1 - 100% - 60% - 0:12
2 - 0% - 40% - 0:00
Last Minute Offensive  - 0:00
Last Minute Defensive  - 0:00
Total
Forward - 60:12
Defense - 60:12

% Time on Ice - Canucks

Lines # - Real PCT - Wanted PCT - Time Play
Normal Forward
1 - 34% - 51% - 17:42
2 - 29% - 30% - 15:21
3 - 22% - 15% - 11:17
4 - 15% - 4% - 7:44
Normal Defense
1 - 39% - 46% - 20:12
2 - 38% - 38% - 19:44
3 - 21% - 8% - 10:54
4 - 2% - 8% - 1:14
PP Forward
1 - 57% - 60% - 3:22
2 - 43% - 40% - 2:35
PP Defense
1 - 67% - 60% - 3:58
2 - 33% - 40% - 1:59
PK Forward
1 - 100% - 60% - 1:59
2 - 0% - 40% - 0:00
PK Defense
1 - 66% - 60% - 1:18
2 - 34% - 40% - 0:41
PK3 Forward
1 - 0% - 60%
2 - 0% - 40%
PK3 Defense
1 - 0% - 60%
2 - 0% - 40%
44 Forward
1 - 100% - 60% - 0:12
2 - 0% - 40% - 0:00
44 Defense
1 - 100% - 60% - 0:12
2 - 0% - 40% - 0:00
Last Minute Offensive  - 0:00
Last Minute Defensive  - 0:00
Total
Forward - 60:12
Defense - 60:12

Play by Play

1st period


0:01 of 1st period - Matt Stajan wins face-off versus Robert Nilsson in neutral zone.
0:16 of 1st period - Wrist shot by Jaromir Jagr.
0:16 of 1st period - Shot Misses the Net.
0:32 of 1st period - Snap shot by Joe Sakic.
0:32 of 1st period - Shot Blocked by Johnny Oduya.
0:34 of 1st period - Snap shot by Fabian Brunnstrom.
0:34 of 1st period - Stopped by Jocelyn Thibault without a rebound.
0:35 of 1st period - Dominic Moore wins face-off versus Maxim Lapierre in Blackhawks zone.
0:50 of 1st period - Wrist shot by Daniel Carcillo.
0:50 of 1st period - Stopped by Carey Price with a rebound.
1:00 of 1st period - Taylor Chorney is hit by Oleg Kvasha and loses puck.
1:07 of 1st period - Slapshot by Matt Stajan.
1:07 of 1st period - Shot Misses the Net.
2:03 of 1st period - Slapshot by Rene Bourque.
2:03 of 1st period - Shot Blocked by David Jones.
2:11 of 1st period - Dominic Moore is hit by Peter Worrell and loses puck.
2:21 of 1st period - Off-side.
2:22 of 1st period - Matt Stajan wins face-off versus Oleg Kvasha in neutral zone.
2:25 of 1st period - Johnny Oduya is hit by Clarke MacArthur and loses puck.
2:30 of 1st period - Snap shot by Jaromir Jagr.
2:30 of 1st period - Shot Misses the Net.
2:48 of 1st period - Nikolai Zherdev is hit by Steve Bernier and loses puck.
3:32 of 1st period - Taylor Chorney is hit by Daniel Carcillo and loses puck.
5:18 of 1st period - Snap shot by Oleg Kvasha.
5:18 of 1st period - Stopped by Carey Price with a rebound.
5:20 of 1st period - Slapshot by Oleg Kvasha.
5:20 of 1st period - Shot Misses the Net.
5:22 of 1st period - Slapshot by George Parros.
5:22 of 1st period - Stopped by Carey Price with a rebound.
5:24 of 1st period - Slapshot by George Parros.
5:24 of 1st period - Deflect By Linus Omark.
5:24 of 1st period - Shot Blocked by Joe Sakic.
5:24 of 1st period - Puck is out of play.
5:25 of 1st period - Matt Stajan wins face-off versus Robert Nilsson in Canucks zone.
5:25 of 1st period - Matt Stajan is hit by Brent Burns.
5:51 of 1st period - Jamie Langenbrunner is hit by Chris Phillips and loses puck.
5:56 of 1st period - Wrist shot by Nikolai Zherdev.
5:56 of 1st period - Stopped by Jocelyn Thibault with a rebound.
5:58 of 1st period - Slapshot by Fabian Brunnstrom.
5:58 of 1st period - Stopped by Jocelyn Thibault without a rebound.
5:59 of 1st period - Robert Nilsson wins face-off versus Joe Sakic in Blackhawks zone.
6:31 of 1st period - Matt Stajan is hit by Steve McCarthy.
6:49 of 1st period - Wrist shot by Jiri Hudler.
6:49 of 1st period - Deflect By Alex Tanguay.
6:49 of 1st period - Shot Blocked by Loui Eriksson.
6:49 of 1st period - Puck is out of play.
6:50 of 1st period - Scott Gomez wins face-off versus Jiri Hudler in Blackhawks zone.
7:11 of 1st period - Wrist shot by Alex Tanguay.
7:11 of 1st period - Stopped by Jocelyn Thibault with a rebound.
7:13 of 1st period - Slapshot by Steve Montador.
7:13 of 1st period - Shot Misses the Net.
7:41 of 1st period - Snap shot by Loui Eriksson.
7:41 of 1st period - Stopped by Carey Price without a rebound.
7:42 of 1st period - Robert Nilsson wins face-off versus Clarke MacArthur in Canucks zone.
7:52 of 1st period - Snap shot by Kris Versteeg.
7:52 of 1st period - Shot Blocked by Jaromir Jagr.
8:08 of 1st period - Kim Johnsson is hit by Daniel Carcillo and loses puck.
9:10 of 1st period - Icing by Daniel Carcillo.
9:11 of 1st period - Joe Sakic wins face-off versus Dominic Moore in Blackhawks zone.
9:24 of 1st period - Snap shot by Nikolai Zherdev.
9:24 of 1st period - Shot Misses the Net.
9:38 of 1st period - Steve Bernier is hit by Jaromir Jagr and loses puck.
9:53 of 1st period - Wrist shot by Jamie Langenbrunner.
9:53 of 1st period - Shot Misses the Net.
10:27 of 1st period - Wrist shot by Dominic Moore.
10:27 of 1st period - Stopped by Carey Price without a rebound.
10:28 of 1st period - Matt Stajan wins face-off versus Robert Nilsson in Canucks zone.
10:33 of 1st period - Off-side.
10:34 of 1st period - Robert Nilsson wins face-off versus Matt Stajan in neutral zone.
11:01 of 1st period - Snap shot by Fabian Brunnstrom.
11:01 of 1st period - Stopped by Jocelyn Thibault with a rebound.
11:03 of 1st period - Wrist shot by Nikolai Zherdev.
11:03 of 1st period - Shot Misses the Net.
11:05 of 1st period - Snap shot by Joe Sakic.
11:05 of 1st period - Shot Misses the Net.
11:07 of 1st period - Slapshot by Steve Montador.
11:07 of 1st period - Deflect By Fabian Brunnstrom.
11:07 of 1st period - Stopped by Jocelyn Thibault without a rebound.
11:08 of 1st period - Joe Sakic wins face-off versus Dominic Moore in Blackhawks zone.
11:15 of 1st period - Snap shot by Fabian Brunnstrom.
11:15 of 1st period - Shot Misses the Net.
11:40 of 1st period - Wrist shot by Joe Sakic.
11:40 of 1st period - Stopped by Jocelyn Thibault without a rebound.
11:41 of 1st period - Matt Stajan wins face-off versus Robert Nilsson in Blackhawks zone.
11:44 of 1st period - Wrist shot by Matt Stajan.
11:44 of 1st period - Goal by Matt Stajan - Blackhawks : 0 - Canucks : 1.
11:45 of 1st period - Robert Nilsson wins face-off versus Matt Stajan in neutral zone.
11:50 of 1st period - Wrist shot by Robert Nilsson.
11:50 of 1st period - Stopped by Carey Price with a rebound.
11:52 of 1st period - Slapshot by Johnny Oduya.
11:52 of 1st period - Shot Misses the Net.
11:54 of 1st period - Slapshot by Johnny Oduya.
11:54 of 1st period - Shot Misses the Net.
11:56 of 1st period - Wrist shot by Robert Nilsson.
11:56 of 1st period - Shot Blocked by Jaromir Jagr.
11:58 of 1st period - Slapshot by Brent Burns.
11:58 of 1st period - Deflect By Robert Nilsson.
11:58 of 1st period - Stopped by Carey Price without a rebound.
11:59 of 1st period - Matt Stajan wins face-off versus Robert Nilsson in Canucks zone.
12:16 of 1st period - Brent Burns is hit by Matt Stajan.
12:26 of 1st period - Jamie Langenbrunner is hit by Kim Johnsson and loses puck.
13:40 of 1st period - Snap shot by Clarke MacArthur.
13:40 of 1st period - Stopped by Jocelyn Thibault with a rebound.
13:56 of 1st period - Steve McCarthy is hit by Peter Worrell and loses puck.
14:40 of 1st period - Dominic Moore is hit by Clarke MacArthur and loses puck.
15:25 of 1st period - Snap shot by Maxim Lapierre.
15:25 of 1st period - Stopped by Jocelyn Thibault with a rebound.
16:59 of 1st period - Linus Omark is hit by Steve Montador and loses puck.
17:04 of 1st period - Slapshot by Fabian Brunnstrom.
17:04 of 1st period - Shot Misses the Net.
17:24 of 1st period - Wrist shot by Daniel Carcillo.
17:24 of 1st period - Shot Hit the Post.
17:26 of 1st period - Backhand shot by Johnny Oduya.
17:26 of 1st period - Stopped by Carey Price with a rebound.
17:28 of 1st period - Wrist shot by Daniel Carcillo.
17:28 of 1st period - Shot Misses the Net.
17:30 of 1st period - Slapshot by Brent Burns.
17:30 of 1st period - Shot Misses the Net.
17:32 of 1st period - Slapshot by Dominic Moore.
17:32 of 1st period - Stopped by Carey Price with a rebound.
17:52 of 1st period - Chris Phillips is hit by Chris Campoli and loses puck.
18:32 of 1st period - Matt Stajan is hit by Steve Bernier and loses puck.
18:49 of 1st period - Snap shot by Kris Versteeg.
18:49 of 1st period - Shot Misses the Net.
18:51 of 1st period - Slapshot by Steve Bernier.
18:51 of 1st period - Stopped by Carey Price without a rebound.
18:52 of 1st period - Maxim Lapierre wins face-off versus Scott Gomez in Canucks zone.
18:59 of 1st period - Slapshot by David Jones.
18:59 of 1st period - Stopped by Jocelyn Thibault without a rebound.
19:00 of 1st period - Matt Stajan wins face-off versus Scott Gomez in Blackhawks zone.
19:03 of 1st period - Wrist shot by Jaromir Jagr.
19:03 of 1st period - Shot Misses the Net.
19:09 of 1st period - Clarke MacArthur is hit by Jamie Langenbrunner and loses puck.
19:35 of 1st period - Wrist shot by Loui Eriksson.
19:35 of 1st period - Stopped by Carey Price without a rebound.
19:36 of 1st period - Joe Sakic wins face-off versus Dominic Moore in Canucks zone.
Goals for this period are 0 for Blackhawks vs 1 for Canucks.
Shots for this period are 11 for Blackhawks vs 11 for Canucks.

2nd period


0:01 of 2nd period - Matt Stajan wins face-off versus Robert Nilsson in neutral zone.
0:13 of 2nd period - Minor Penalty to Steve Bernier for Hooking.
0:14 of 2nd period - Matt Stajan wins face-off versus Dominic Moore in Blackhawks zone.
0:26 of 2nd period - Wrist shot by Matt Stajan.
0:26 of 2nd period - Shot Misses the Net.
0:28 of 2nd period - Slapshot by Kim Johnsson.
0:28 of 2nd period - Deflect By Jamie Langenbrunner.
0:28 of 2nd period - Stopped by Jocelyn Thibault with a rebound.
0:30 of 2nd period - Snap shot by Kim Johnsson.
0:30 of 2nd period - Shot Blocked by Dominic Moore.
1:39 of 2nd period - Kim Johnsson is hit by Oleg Kvasha and loses puck.
2:13 of 2nd period - Penalty to Steve Bernier is over, Steve Bernier is back on ice.
2:22 of 2nd period - Maxim Lapierre is hit by Johnny Oduya and loses puck.
2:33 of 2nd period - Johnny Oduya is hit by David Jones and loses puck.
2:49 of 2nd period - Off-side.
2:50 of 2nd period - Robert Nilsson wins face-off versus Jiri Hudler in neutral zone.
3:54 of 2nd period - Backhand shot by David Jones.
3:54 of 2nd period - Stopped by Jocelyn Thibault without a rebound.
3:55 of 2nd period - Robert Nilsson wins face-off versus Maxim Lapierre in Blackhawks zone.
4:10 of 2nd period - Snap shot by Kris Versteeg.
4:10 of 2nd period - Stopped by Carey Price without a rebound.
4:11 of 2nd period - Matt Stajan wins face-off versus Scott Gomez in Canucks zone.
4:13 of 2nd period - Minor Penalty to Jaromir Jagr for High sticking.
4:14 of 2nd period - Robert Nilsson wins face-off versus Jiri Hudler in Canucks zone.
4:28 of 2nd period - Slapshot by Kris Versteeg.
4:28 of 2nd period - Shot Blocked by Matt Stajan.
4:30 of 2nd period - Snap shot by Loui Eriksson.
4:30 of 2nd period - Stopped by Carey Price without a rebound.
4:31 of 2nd period - Robert Nilsson wins face-off versus Jiri Hudler in Canucks zone.
4:55 of 2nd period - Matt Stajan is hit by Brent Burns and loses puck.
6:13 of 2nd period - Penalty to Jaromir Jagr is over, Jaromir Jagr is back on ice.
8:02 of 2nd period - Steve Montador is hit by John Carlson and loses puck.
8:17 of 2nd period - Snap shot by Dominic Moore.
8:17 of 2nd period - Deflect By Daniel Carcillo.
8:17 of 2nd period - Stopped by Carey Price without a rebound.
8:18 of 2nd period - Joe Sakic wins face-off versus Dominic Moore in Canucks zone.
8:18 of 2nd period - Joe Sakic is hit by Chris Campoli.
8:57 of 2nd period - Snap shot by Daniel Carcillo.
8:57 of 2nd period - Shot Blocked by Chris Phillips.
9:01 of 2nd period - Snap shot by Rene Bourque.
9:01 of 2nd period - Stopped by Carey Price with a rebound.
9:03 of 2nd period - Wrist shot by Dominic Moore.
9:03 of 2nd period - Stopped by Carey Price without a rebound.
9:04 of 2nd period - Robert Nilsson wins face-off versus Matt Stajan in Canucks zone.
9:44 of 2nd period - Slapshot by Steve Montador.
9:44 of 2nd period - Stopped by Jocelyn Thibault with a rebound.
10:06 of 2nd period - Wrist shot by Jiri Hudler.
10:06 of 2nd period - Stopped by Jocelyn Thibault with a rebound.
10:31 of 2nd period - Wrist shot by Scott Gomez.
10:31 of 2nd period - Shot Misses the Net.
11:56 of 2nd period - Wrist shot by George Parros.
11:56 of 2nd period - Shot Blocked by Taylor Chorney.
11:58 of 2nd period - Slapshot by George Parros.
11:58 of 2nd period - Shot Misses the Net.
12:31 of 2nd period - Snap shot by Kris Versteeg.
12:31 of 2nd period - Deflect By Robert Nilsson.
12:31 of 2nd period - Goal by Robert Nilsson - Blackhawks : 1 - Canucks : 1.
12:32 of 2nd period - Robert Nilsson wins face-off versus Matt Stajan in neutral zone.
12:35 of 2nd period - Backhand shot by Johnny Oduya.
12:35 of 2nd period - Shot Blocked by Matt Stajan.
12:47 of 2nd period - Backhand shot by Kris Versteeg.
12:47 of 2nd period - Shot Misses the Net.
12:59 of 2nd period - Wrist shot by Fabian Brunnstrom.
12:59 of 2nd period - Stopped by Jocelyn Thibault without a rebound.
13:00 of 2nd period - Nikolai Zherdev wins face-off versus Scott Gomez in Blackhawks zone.
13:03 of 2nd period - Snap shot by Nikolai Zherdev.
13:03 of 2nd period - Stopped by Jocelyn Thibault with a rebound.
13:05 of 2nd period - Minor Penalty to Steve McCarthy for Charging.
13:06 of 2nd period - Dominic Moore wins face-off versus Matt Stajan in Blackhawks zone.
13:15 of 2nd period - Snap shot by Jamie Langenbrunner.
13:15 of 2nd period - Shot Blocked by Kim Johnsson.
13:17 of 2nd period - Slapshot by Jamie Langenbrunner.
13:17 of 2nd period - Shot Misses the Net.
13:19 of 2nd period - Slapshot by Wes O'Neill.
13:19 of 2nd period - Shot Misses the Net.
15:05 of 2nd period - Penalty to Steve McCarthy is over, Steve McCarthy is back on ice.
15:08 of 2nd period - Wes O'Neill is hit by Kim Johnsson and loses puck.
15:14 of 2nd period - Icing by John Carlson.
15:15 of 2nd period - Oleg Kvasha wins face-off versus David Jones in Blackhawks zone.
15:22 of 2nd period - Snap shot by Steve McCarthy.
15:22 of 2nd period - Stopped by Carey Price without a rebound.
15:23 of 2nd period - Maxim Lapierre wins face-off versus Robert Nilsson in Canucks zone.
15:45 of 2nd period - Icing by Johnny Oduya.
15:46 of 2nd period - Joe Sakic wins face-off versus Scott Gomez in Blackhawks zone.
16:01 of 2nd period - Slapshot by Johnny Oduya.
16:01 of 2nd period - Shot Blocked by Joe Sakic.
16:19 of 2nd period - Slapshot by Johnny Oduya.
16:19 of 2nd period - Deflect By Robert Nilsson.
16:19 of 2nd period - Shot Misses the Net.
16:19 of 2nd period - Puck is out of play.
16:20 of 2nd period - Robert Nilsson wins face-off versus Matt Stajan in Canucks zone.
16:21 of 2nd period - Snap shot by Kris Versteeg.
16:21 of 2nd period - Stopped by Carey Price without a rebound.
16:22 of 2nd period - Robert Nilsson wins face-off versus Matt Stajan in Canucks zone.
16:31 of 2nd period - Slapshot by Kris Versteeg.
16:31 of 2nd period - Shot Blocked by Matt Stajan.
16:33 of 2nd period - Slapshot by Chris Campoli.
16:33 of 2nd period - Shot Misses the Net.
17:08 of 2nd period - Slapshot by Chris Phillips.
17:08 of 2nd period - Stopped by Jocelyn Thibault with a rebound.
17:10 of 2nd period - Slapshot by Andy Rogers.
17:10 of 2nd period - Stopped by Jocelyn Thibault with a rebound.
17:12 of 2nd period - Minor Penalty to Daniel Carcillo for Hooking.
17:13 of 2nd period - Dominic Moore wins face-off versus Matt Stajan in Blackhawks zone.
17:26 of 2nd period - Slapshot by Dominic Moore.
17:26 of 2nd period - Stopped by Carey Price without a rebound.
17:27 of 2nd period - Dominic Moore wins face-off versus Matt Stajan in Canucks zone.
19:12 of 2nd period - Penalty to Daniel Carcillo is over, Daniel Carcillo is back on ice.
19:46 of 2nd period - Loui Eriksson is hit by Alex Tanguay and loses puck.
Goals for this period are 1 for Blackhawks vs 0 for Canucks.
Shots for this period are 9 for Blackhawks vs 8 for Canucks.

3rd period


0:01 of 3rd period - Matt Stajan wins face-off versus Robert Nilsson in neutral zone.
0:26 of 3rd period - Joe Sakic is hit by Brent Burns and loses puck.
0:41 of 3rd period - Brent Burns is hit by Andy Rogers and loses puck.
1:14 of 3rd period - Snap shot by Jaromir Jagr.
1:14 of 3rd period - Shot Misses the Net.
2:19 of 3rd period - Slapshot by Kim Johnsson.
2:19 of 3rd period - Deflect By Nils Ekman.
2:19 of 3rd period - Shot Misses the Net.
2:19 of 3rd period - Puck is out of play.
2:20 of 3rd period - Matt Stajan wins face-off versus Dominic Moore in Blackhawks zone.
2:45 of 3rd period - Chris Campoli is hit by Taylor Chorney and loses puck.
3:52 of 3rd period - Snap shot by Maxim Lapierre.
3:52 of 3rd period - Stopped by Jocelyn Thibault without a rebound.
3:53 of 3rd period - David Jones wins face-off versus Robert Nilsson in Blackhawks zone.
4:00 of 3rd period - Maxim Lapierre is hit by John Carlson and loses puck.
4:13 of 3rd period - John Carlson is hit by Peter Worrell and loses puck.
5:01 of 3rd period - Loui Eriksson is hit by Joe Sakic and loses puck.
5:26 of 3rd period - George Parros is hit by Joe Sakic and loses puck.
5:39 of 3rd period - Wrist shot by Joe Sakic.
5:39 of 3rd period - Stopped by Jocelyn Thibault without a rebound.
5:40 of 3rd period - Matt Stajan wins face-off versus Robert Nilsson in Blackhawks zone.
6:07 of 3rd period - Steve McCarthy is hit by Maxim Lapierre and loses puck.
6:12 of 3rd period - Snap shot by Maxim Lapierre.
6:12 of 3rd period - Stopped by Jocelyn Thibault without a rebound.
6:13 of 3rd period - Daniel Carcillo wins face-off versus Matt Stajan in Blackhawks zone.
6:20 of 3rd period - Slapshot by Brent Burns.
6:20 of 3rd period - Shot Misses the Net.
6:28 of 3rd period - Andy Rogers is hit by Johnny Oduya and loses puck.
7:10 of 3rd period - Snap shot by Nikolai Zherdev.
7:10 of 3rd period - Shot Misses the Net.
7:14 of 3rd period - Slapshot by Fabian Brunnstrom.
7:14 of 3rd period - Shot Blocked by Jamie Langenbrunner.
8:07 of 3rd period - David Jones is hit by John Carlson and loses puck.
8:36 of 3rd period - Fabian Brunnstrom is hit by Loui Eriksson and loses puck.
8:49 of 3rd period - Oleg Kvasha is hit by Matt Stajan and loses puck.
8:56 of 3rd period - Clarke MacArthur is hit by Linus Omark and loses puck.
10:16 of 3rd period - Wrist shot by Clarke MacArthur.
10:16 of 3rd period - Shot Blocked by John Carlson.
10:18 of 3rd period - Wrist shot by Clarke MacArthur.
10:18 of 3rd period - Shot Misses the Net.
10:20 of 3rd period - Slapshot by Taylor Chorney.
10:20 of 3rd period - Stopped by Jocelyn Thibault without a rebound.
10:21 of 3rd period - Steve Bernier wins face-off versus Matt Stajan in Blackhawks zone.
10:30 of 3rd period - Backhand shot by Jaromir Jagr.
10:30 of 3rd period - Stopped by Jocelyn Thibault with a rebound.
10:32 of 3rd period - Slapshot by Taylor Chorney.
10:32 of 3rd period - Stopped by Jocelyn Thibault with a rebound.
10:34 of 3rd period - Snap shot by Sami Lepisto.
10:34 of 3rd period - Shot Misses the Net.
10:50 of 3rd period - Snap shot by Maxim Lapierre.
10:50 of 3rd period - Shot Blocked by Steve McCarthy.
10:52 of 3rd period - Snap shot by David Jones.
10:52 of 3rd period - Shot Misses the Net.
10:54 of 3rd period - Slapshot by Andy Rogers.
10:54 of 3rd period - Shot Blocked by Steve McCarthy.
10:56 of 3rd period - Slapshot by Chris Phillips.
10:56 of 3rd period - Deflect By Chris Campoli.
10:56 of 3rd period - Stopped by Jocelyn Thibault without a rebound.
10:57 of 3rd period - Robert Nilsson wins face-off versus Matt Stajan in Blackhawks zone.
11:13 of 3rd period - Wrist shot by Robert Nilsson.
11:13 of 3rd period - Shot Misses the Net.
11:23 of 3rd period - Johnny Oduya is hit by Nikolai Zherdev and loses puck.
11:34 of 3rd period - Nikolai Zherdev is hit by John Carlson and loses puck.
11:50 of 3rd period - Chris Phillips is hit by Jamie Langenbrunner and loses puck.
12:09 of 3rd period - Wrist shot by Fabian Brunnstrom.
12:09 of 3rd period - Deflect By Nikolai Zherdev.
12:09 of 3rd period - Stopped by Jocelyn Thibault without a rebound.
12:10 of 3rd period - Robert Nilsson wins face-off versus Matt Stajan in Blackhawks zone.
12:17 of 3rd period - Wrist shot by Kris Versteeg.
12:17 of 3rd period - Shot Misses the Net.
12:19 of 3rd period - Wrist shot by Steve Bernier.
12:19 of 3rd period - Shot Misses the Net.
12:21 of 3rd period - Wrist shot by Robert Nilsson.
12:21 of 3rd period - Shot Blocked by Clarke MacArthur.
12:23 of 3rd period - Slapshot by Johnny Oduya.
12:23 of 3rd period - Stopped by Carey Price with a rebound.
12:45 of 3rd period - Snap shot by Daniel Carcillo.
12:45 of 3rd period - Shot Misses the Net.
13:01 of 3rd period - Slapshot by Chris Campoli.
13:01 of 3rd period - Stopped by Carey Price without a rebound.
13:02 of 3rd period - Steve Bernier wins face-off versus Jiri Hudler in Canucks zone.
13:19 of 3rd period - Andy Rogers is hit by Steve Bernier and loses puck.
13:34 of 3rd period - Slapshot by Clarke MacArthur.
13:34 of 3rd period - Shot Misses the Net.
13:36 of 3rd period - Snap shot by Jaromir Jagr.
13:36 of 3rd period - Shot Misses the Net.
13:38 of 3rd period - Snap shot by Chris Phillips.
13:38 of 3rd period - Deflect By Jaromir Jagr.
13:38 of 3rd period - Shot Misses the Net.
13:38 of 3rd period - Puck is out of play.
13:39 of 3rd period - Jaromir Jagr wins face-off versus Scott Gomez in Blackhawks zone.
13:40 of 3rd period - Backhand shot by Clarke MacArthur.
13:40 of 3rd period - Stopped by Jocelyn Thibault without a rebound.
13:41 of 3rd period - Matt Stajan wins face-off versus Scott Gomez in Blackhawks zone.
13:56 of 3rd period - Matt Stajan is hit by Johnny Oduya and loses puck.
14:55 of 3rd period - Slapshot by Oleg Kvasha.
14:55 of 3rd period - Shot Misses the Net.
15:01 of 3rd period - Snap shot by Oleg Kvasha.
15:01 of 3rd period - Shot Blocked by Chris Phillips.
15:11 of 3rd period - Scott Gomez is hit by Jaromir Jagr and loses puck.
15:16 of 3rd period - Snap shot by Clarke MacArthur.
15:16 of 3rd period - Shot Misses the Net.
15:18 of 3rd period - Slapshot by Andy Rogers.
15:18 of 3rd period - Stopped by Jocelyn Thibault with a rebound.
15:20 of 3rd period - Slapshot by Chris Phillips.
15:20 of 3rd period - Stopped by Jocelyn Thibault with a rebound.
15:22 of 3rd period - Slapshot by Matt Stajan.
15:22 of 3rd period - Shot Blocked by Chris Campoli.
15:24 of 3rd period - Wrist shot by Clarke MacArthur.
15:24 of 3rd period - Stopped by Jocelyn Thibault with a rebound.
15:54 of 3rd period - Steve McCarthy is hit by Clarke MacArthur and loses puck.
16:11 of 3rd period - Daniel Carcillo is hit by Peter Worrell and loses puck.
16:26 of 3rd period - Snap shot by Robert Nilsson.
16:26 of 3rd period - Deflect By Kris Versteeg.
16:26 of 3rd period - Shot Misses the Net.
16:26 of 3rd period - Puck is out of play.
16:27 of 3rd period - Joe Sakic wins face-off versus Steve Bernier in Canucks zone.
16:32 of 3rd period - Brent Burns is hit by Joe Sakic and loses puck.
16:41 of 3rd period - Backhand shot by Fabian Brunnstrom.
16:41 of 3rd period - Stopped by Jocelyn Thibault without a rebound.
16:42 of 3rd period - Dominic Moore wins face-off versus Matt Stajan in Blackhawks zone.
16:42 of 3rd period - Dominic Moore is hit by Jaromir Jagr.
16:50 of 3rd period - Clarke MacArthur is hit by Rene Bourque and loses puck.
17:18 of 3rd period - Slapshot by Nikolai Zherdev.
17:18 of 3rd period - Stopped by Jocelyn Thibault without a rebound.
17:19 of 3rd period - Dominic Moore wins face-off versus Matt Stajan in Blackhawks zone.
17:45 of 3rd period - Joe Sakic is hit by Kris Versteeg and loses puck.
17:52 of 3rd period - Slapshot by Kris Versteeg.
17:52 of 3rd period - Shot Blocked by Kim Johnsson.
18:12 of 3rd period - Andy Rogers is hit by Loui Eriksson and loses puck.
18:29 of 3rd period - Clarke MacArthur is hit by Robert Nilsson and loses puck.
19:00 of 3rd period - Rene Bourque is hit by Steve Montador and loses puck.
Goals for this period are 0 for Blackhawks vs 0 for Canucks.
Shots for this period are 2 for Blackhawks vs 14 for Canucks.

Overtime #1


0:01 of 1st overtime period - Jaromir Jagr wins face-off versus Robert Nilsson in neutral zone.
0:12 of 1st overtime period - Wrist shot by Matt Stajan.
0:12 of 1st overtime period - Goal by Matt Stajan - Blackhawks : 1 - Canucks : 2.
Goals for this period are 0 for Blackhawks vs 1 for Canucks.
Shots for this period are 0 for Blackhawks vs 1 for Canucks.


Output by the SimonT Hockey Simulator (STHS) for François Prévost -- Original Page W3C XHTML 1.0 Valid
Hockey Simulator - Hockey Simulation - Hockey Manager